 Dungeon Sprint DCSS version 0.19-b1-4-gd8a0a2a (webtiles) character file.

2236 LORDOFBUTT the Unseen (level 9, -22/39 HPs)
             Began as a Spriggan Enchanter on Oct 31, 2016.
             Was a Follower of Dithmenos.
             Killed by an exploding ballistomycete spore (31 damage)
             ... in the Dungeon (Sprint I: "Red Sonja").
             The game lasted 00:04:15 (739 turns).

LORDOFBUTT the Unseen (Spriggan Enchanter)           Turns: 739, Time: 00:04:16

Health: -22/39     AC:  3    Str:  4    XL:     9   Next: 14%
Magic:  23/24      EV: 27    Int: 19    God:    Dithmenos [*.....]
Gold:   384        SH:  0    Dex: 17    Spells: 7 memorised, 8 levels left

rFire  . . .     SeeInvis +     n - +2 dagger (distort)
rCold  . . .     Gourm    .     b - +1 robe
rNeg   . . .     Faith    .     (shield restricted)
rPois  .         Spirit   .     (helmet restricted)
rElec  .         Reflect  .     (no cloak)
rCorr  .         Harm     .     (gloves unavailable)
MR     +....     NoTele   +     (boots unavailable)
Stlth  +++.......               (no amulet)
                                (no ring)
                                (no ring)

@: confused, wreathed by umbra, very quick
A: unfitting armour, see invisible, herbivore 3, speed 3, slow metabolism 2
a: Renounce Religion


You were in the Dungeon.
You worshipped Dithmenos.
Dithmenos was aware of your devotion.
You were not hungry.

You visited 1 branch You collected 644 gold pieces.
You spent 260 gold pieces at shops.

Inventory:

Hand Weapons
 m - a -1 blowgun
 n - a +2 dagger of distortion (weapon)
Missiles
 a - 8 poisoned needles
 o - 5 curare-tipped needles
Armour
 b - a +1 robe (worn)
Jewellery
 p - an uncursed ring of wizardry {unknown}
Scrolls
 j - a scroll of blinking
 l - a scroll of identify {unknown}
Potions
 e - a potion of curing
 f - a potion of heal wounds
 g - a potion of haste
 h - 2 potions of magic
 i - a potion of berserk rage
 k - a potion of ambrosia {unknown}
Books
 c - a book of Maledictions

   Spells                             Type                      Level
   a - Corona                         Hexes                        1
   b - Ensorcelled Hibernation        Hexes/Ice                    2
   c - Confuse                        Hexes                        3
   d - Tukima's Dance                 Hexes                        3
   e - Dazzling Spray                 Conjuration/Hexes            3
 q - a book of Misfortune

   Spells                             Type                      Level
   a - Confusing Touch                Hexes                        1
   b - Confuse                        Hexes                        3
   c - Gell's Gravitas                Hexes/Translocation          3
   d - Petrify                        Transmutation/Earth          4
   e - Metabolic Englaciation         Hexes/Ice                    5
   f - Yara's Violent Unravelling     Hexes/Transmutation          5
Comestibles
 d - a bread ration


   Skills:
 + Level 8.9 Short Blades
 + Level 11.8 Dodging
 * Level 16.9 Stealth
 + Level 10.1 Spellcasting
 + Level 10.4 Hexes
 + Level 5.2 Ice Magic


You had 8 spell levels left.
You knew the following spells:

 Your Spells              Type           Power        Failure   Level  Hunger
a - Corona                Hex            #####..      1%          1    None
b - Ensorcelled Hibernat  Hex/Ice        #####.       1%          2    None
c - Confuse               Hex            #####...     1%          3    None
d - Tukima's Dance        Hex            #####...     1%          3    None
e - Dazzling Spray        Conj/Hex       ####..       2%          3    None
f - Gell's Gravitas       Hex/Tloc       ####......   2%          3    None
g - Metabolic Englaciati  Hex/Ice        #####.....   12%         5    #####..


Dungeon Overview and Level Annotations

Branches:
Dungeon (1/1)

Altars:
Cheibriados
Dithmenos
Elyvilon
Fedhas
Gozag
Hepliaklqana
Kikubaaqudgha
Makhleb
Nemelex Xobeh
Okawaru
Qazlal
Ru
Sif Muna
Trog
Uskayaw
Vehumet
Xom
Yredelemnul
Zin
The Shining One
Jiyva
Lugonu

Shops:
D :=[


Innate Abilities, Weirdness & Mutations

You are very small and have problems with some larger weapons.
You are too small for most types of armour.
You have supernaturally acute eyesight. (SInv)
You are a herbivore.
You cover ground extremely quickly.
You need consume almost no food.


Message History

Okay, then.
There is an open door here.
You open the door. 2 ballistomycete spores come into view.
Found four items.
Found 54 gold pieces.
There is an open door here.
The helpless ballistomycete spore fails to defend itself.
You perforate the ballistomycete spore like a sieve!!!!
The ballistomycete spore explodes!
The explosion of spores engulfs you!
You are confused.
Ouch! That really hurt!
* * * LOW HITPOINT WARNING * * *
The explosion of spores engulfs the ballistomycete spore.
The ballistomycete spore explodes!
The explosion of spores engulfs you!
You are more confused.
Ouch! That really hurt!
You die...

#..#_____##'#..+≈≈§
#⌠⌠#_.∩...'..._#≈≈§
####_..__##_.#'##+###
#_____###'#.#.[.)###
############.####'###.##
#∩^.......'.).'.÷...'.∩#
###++++####...##########
#.......# ##.##
#.....G.G# #@#
#G.#..G..#$!$!$#
#........#$)/$$#
#..G..#..#######
#G......G# #..#..G..#
#G......G


There were no monsters in sight!

Vanquished Creatures
  Sonja (D)
  A deep troll (D)
  A shining eye (D)
  A slime creature (D)
  Sigmund (D)
  A yak (D)
  A floating eye (D)
  An ogre (D)
  A jelly (D)
  Ijyb (D)
10 creatures vanquished.

Notes
Turn   | Place    | Note
-------+----------+-------------------------------------------
     0 | D        | LORDOFBUTT the Spriggan Enchanter began the quest for the Orb.
     0 | D        | Reached XP level 1. HP: 9/9 MP: 5/5
     2 | D        | Noticed Ijyb
     7 | D        | Killed Ijyb
     7 | D        | Reached skill level 6 in Stealth
     7 | D        | Reached XP level 2. HP: 13/13 MP: 5/7
    13 | D        | Learned a level 2 spell: Ensorcelled Hibernation
    28 | D        | Noticed an ogre
    31 | D        | Killed an ogre
    31 | D        | Reached skill level 9 in Stealth
    31 | D        | Reached skill level 5 in Spellcasting
    31 | D        | Reached skill level 5 in Hexes
    31 | D        | Reached XP level 3. HP: 16/16 MP: 7/10
    31 | D        | Reached XP level 4. HP: 21/21 MP: 8/12
    41 | D        | Noticed Sigmund
    44 | D        | Killed Sigmund
    44 | D        | Reached skill level 5 in Short Blades
    44 | D        | Reached skill level 11 in Stealth
    44 | D        | Reached XP level 5. HP: 24/24 MP: 10/15
    57 | D        | Found a burning altar of Makhleb.
    57 | D        | Found a viscous altar of Jiyva.
    57 | D        | Found a shimmering altar of Xom.
    57 | D        | Found a corrupted altar of Lugonu.
    57 | D        | Noticed a slime creature
    60 | D        | Killed a slime creature
    60 | D        | Reached skill level 13 in Stealth
    60 | D        | Reached XP level 6. HP: 28/28 MP: 12/17
    74 | D        | Found a deep blue altar of Sif Muna.
    76 | D        | Found a radiant altar of Vehumet.
   136 | D        | Found Omuit's Jewellery Emporium.
   136 | D        | Found an ancient bone altar of Kikubaaqudgha.
   136 | D        | Found a hazy altar of Hepliaklqana.
   136 | D        | Found a stormy altar of Qazlal.
   136 | D        | Found a hide-covered altar of Uskayaw.
   136 | D        | Found a blossoming altar of Fedhas.
   136 | D        | Found a bloodstained altar of Trog.
   136 | D        | Found an iron altar of Okawaru.
   136 | D        | Found a basalt altar of Yredelemnul.
   136 | D        | Found a glowing golden altar of the Shining One.
   136 | D        | Found a snail-covered altar of Cheibriados.
   136 | D        | Found a sacrificial altar of Ru.
   136 | D        | Found a glowing silver altar of Zin.
   136 | D        | Found a shadowy altar of Dithmenos.
   136 | D        | Found a white marble altar of Elyvilon.
   136 | D        | Noticed a yak
   137 | D        | Found an opulent altar of Gozag.
   138 | D        | Killed a yak
   138 | D        | Reached XP level 7. HP: 32/32 MP: 17/19
   139 | D        | Found a sparkling altar of Nemelex Xobeh.
   181 | D        | Became a worshipper of Dithmenos the Shadowed
   203 | D        | Noticed Sonja
   207 | D        | Killed Sonja
   207 | D        | Reached skill level 10 in Dodging
   207 | D        | Reached skill level 15 in Stealth
   207 | D        | Reached XP level 8. HP: 20/36 MP: 18/22
   342 | D        | Noticed a deep troll
   351 | D        | Killed a deep troll
   351 | D        | Reached skill level 16 in Stealth
   351 | D        | Reached skill level 10 in Hexes
   555 | D        | Found Jogoschucw's Armour Emporium.
   577 | D        | Found Icoga's Book Boutique.
   585 | D        | Bought a book of Misfortune for 260 gold pieces
   589 | D        | Learned a level 3 spell: Confuse
   593 | D        | Learned a level 3 spell: Tukima's Dance
   597 | D        | Learned a level 3 spell: Dazzling Spray
   601 | D        | Learned a level 3 spell: Gell's Gravitas
   607 | D        | Learned a level 5 spell: Metabolic Englaciation
   720 | D        | Noticed a shining eye
   720 | D        | Noticed a shining eye
   720 | D        | Noticed a shining eye
   720 | D        | Noticed a shining eye
   720 | D        | Noticed a shining eye
   720 | D        | Noticed a shining eye
   722 | D        | Reached * piety under Dithmenos
   724 | D        | Noticed a shining eye
   724 | D        | Noticed a shining eye
   725 | D        | Killed a shining eye
   725 | D        | Reached skill level 10 in Spellcasting
   725 | D        | Reached skill level 5 in Ice Magic
   725 | D        | Reached XP level 9. HP: 39/39 MP: 22/24
   739 | D        | Killed by an exploding ballistomycete spore

Skill      XL: |  1  2  3  4  5  6  7  8 |
---------------+-------------------------+-----
Short Blades   | 2 4 5 6 7 8 |  8.9
Dodging        | 4 6 7 9 10 11 | 11.8
Stealth        | 6 9 11 13 15 16 | 16.9
Spellcasting   | 3 5 6 7 8 9 10 | 10.1
Hexes          | 4 5 7 8 9 10 | 10.4
Ice Magic      | 2 4 5 |  5.2

Action                   |  1- 3 |  4- 6 |  7- 9 || total
-------------------------+-------+-------+-------++-------
Melee: Dagger            |     5 |     4 |     5 ||    14
 Cast: Ensorcelled Hiber |       |       |     2 ||     2
  Use: Scroll            |       |       |     1 ||     1
 Stab: Sleeping          |     2 |     4 |     5 ||    11
Dodge: Dodged            |     3 |       |     2 ||     5
